 Dungeon Crawl Stone Soup version 0.28.0-49-g6dfe1f597d (webtiles) character file.

Game seed: 4819891229769314678

2876 101zpm the Thaumaturge (level 10, -3/63 HPs)
             Began as a Djinni Fire Elementalist on May 17, 2022.
             Slain by a bullfrog (5 damage)
             ... on level 8 of the Dungeon.
             The game lasted 00:16:05 (7791 turns).

101zpm the Thaumaturge (Djinni Fire Elementalist)   Turns: 7791, Time: 00:16:06

Health: -3/63      AC:  2    Str:  7    XL:     10   Next: 5%
Gold:   574        EV: 12    Int: 21    God:
                   SH:  0    Dex: 14

rFire   + + .      SeeInvis .   (no weapon)
rCold   x . .      Faith    .   (no shield)
rNeg    . . .      Spirit   .   a - +0 robe
rPois   ∞          Reflect  .   (no helmet)
rElec   .          Harm     .   (no cloak)
rCorr   .          Rampage  .   (no gloves)
Will    +....                   (boots unavailable)
Stlth   ++........              (no amulet)
HPRegen 0.20/turn               (no ring)
MPRegen 0.00/turn               (no ring)

@: flying
A: sickness immunity, fire resistance 2, cold vulnerability 1, float, innate
caster, HP casting, extra vitality 1
a: no special abilities


You were on level 8 of the Dungeon.
You visited 2 branches of the dungeon, and saw 9 of its levels.

You collected 574 gold pieces.

Inventory:

Armour
 a - a +0 robe (worn)
Jewellery
 m - a ring of resist corrosion
 s - a ring of protection from cold
Wands
 i - a wand of polymorph (7)
 r - a wand of iceblast (9)
 t - a wand of charming (11)
Scrolls
 b - a scroll of vulnerability
 h - a scroll of silence
 l - a scroll of enchant weapon
 o - 2 scrolls of enchant armour {unknown}
 v - 2 scrolls of amnesia {unknown}
Potions
 c - 2 potions of heal wounds {unknown}
 d - 9 potions of curing {unknown}
 e - 3 potions of attraction {unknown}
 f - a potion of haste {unknown}
 g - 2 potions of invisibility
 j - a potion of cancellation {unknown}
 k - a potion of lignification {unknown}
 n - 5 potions of degeneration
 p - a potion of might {unknown}
 q - a potion of brilliance {unknown}


   Skills:
 + Level 1.5 Fighting
 + Level 2.5 Dodging
 + Level 3.6 Stealth
 + Level 9.9 Spellcasting


You had 6 spell levels left.
You knew the following spells:

 Your Spells              Type           Power      Damage    Failure   Level
a - Foxfire               Conj/Fire      100%       2x1d9     1%          1
b - Scorch                Fire           100%       2d10      1%          2
c - Conjure Flame         Conj/Fire      51%        6-21      1%          3
d - Inner Flame           Hex/Fire       51%        N/A       1%          3
e - Flame Wave            Conj/Fire      51%        2d10      1%          4
f - Magic Dart            Conj           100%       1d8       1%          1
g - Static Discharge      Conj/Air       51%        N/A       1%          2
h - Mephitic Cloud        Conj/Pois/Air  51%        N/A       1%          3
i - Spider Form           Tmut/Pois      51%        N/A       1%          3
Your spell library was empty.

Dungeon Overview and Level Annotations

Branches:
Dungeon (8/15)             Temple (1/1) D:5
   Lair: D:8-11

Altars:
Ashenzari
Cheibriados
Dithmenos
Elyvilon
Fedhas
Gozag
Hepliaklqana
Kikubaaqudgha
Makhleb
Nemelex Xobeh
Okawaru
Qazlal
Ru
Sif Muna
Trog
Wu Jian
Xom
Yredelemnul
Zin
The Shining One

Annotations:
D:6 Atelerd's ghost, novice OpEE


Innate Abilities, Weirdness & Mutations

You are immune to sickness and miasma.
You are immune to poison.
Your flesh is very heat resistant. (rF++)
You are vulnerable to cold. (rC-)
You float through the air rather than walking.
You learn spells naturally, not from books.
Your magical power is your life essence.
You have superior vitality. (+4 MHP)


Message History

* * * LOW HITPOINT WARNING * * *
The howler monkey hoots and howls with incredible vigour!
You hear a howl!
Casting: Scorch (safe; 1% risk of failure)
Confirm with . or Enter, or press ? or * to list all spells.
You don't have enough health to cast this spell.
Blink to where?
Press: ? - help, Dir - move target A white imp comes into view.
Found four items.
As you read the scroll of blinking, it crumbles to dust.
As you read the scroll of teleportation, it crumbles to dust.
You feel strangely unstable.
The howler monkey hoots and howls with incredible vigour!
The white imp grinds its teeth.
Aiming: Iceblast
Press: ? - help, Shift-Dir - straight line
Okay, then.
Aiming: Iceblast
Press: ? - help, Shift-Dir - straight line The mass of ice explodes!
The iceblast engulfs the white imp.
The white imp partially resists.
The white imp is heavily wounded.
Your surroundings suddenly seem different.
A bullfrog comes into view.
Found a murky ruby potion.
Aiming: Iceblast
Press: ? - help, Shift-Dir - straight line, f - bullfrog
Aim: a bullfrog (wandering, hasn't noticed you)
The mass of ice explodes!
The iceblast engulfs the bullfrog!
The bullfrog is severely wounded.
You hear a shout! x2; You hear two shouts!
You hear a shout! x2
A gnoll comes into view. It is wielding a +0 flail.
You hear a shout!
Casting: Foxfire (safe; 1% risk of failure)
Press: ? - help, Q - select action, (/) - cycle Dir - look around, f - activate You conjure some foxfire!
* * * LOW HITPOINT WARNING * * *
The bullfrog hits you.
You die...

#.# #.# #.#
#.# #.# #.#
#.# #.# #.#
#.# #v# #@#
#gv.F..#
#.#.##..!..
#.#.# ....
# #.# ...
... .. ...
. ...


You could see a bullfrog (ally target) and a gnoll (ally target).

Vanquished Creatures
  A cyclops (D:7)
  Grinder (D:3)
  A wyvern (D:8)
  A water moccasin (D:6)
  2 ice beasts
  An orc warrior (D:7)
  A sky beast (D:5)
  4 necrophages
  A wolf (D:8)
  A phantom (D:5)
  A bullfrog (D:8)
  A gnoll sergeant (D:8)
  2 wyvern zombies (D:8)
  A water moccasin skeleton (D:5)
  4 killer bees (D:8)
  A wight (D:8)
  A howler monkey (D:5)
  3 jellies
  A bullfrog zombie (D:5)
  A bullfrog skeleton (D:5)
  2 hounds
  A centaur skeleton (D:5)
  A gnoll shaman (D:6)
  Ijyb (D:3)
  3 iguanas
  2 orc wizards
  9 gnolls
  8 adders
  2 adder skeletons (D:5)
  A worm (D:3)
  14 orcs
  10 endoplasms
  3 giant cockroaches
  5 hobgoblins
  2 jackals (D:1)
  2 quokkas (D:1)
  3 ball pythons
  4 bats
  3 frilled lizards (D:1)
  5 goblins
  3 kobolds
  6 rats
120 creatures vanquished.

Vanquished Creatures (collateral kills)
  2 foxfires (D:3)
2 creatures vanquished.

Vanquished Creatures (others)
  543 foxfires
  2 fungi (D:3)
  4 toadstools (D:3)
549 creatures vanquished.

Grand Total: 671 creatures vanquished

Notes
Turn   | Place    | Note
-------+----------+-------------------------------------------
     0 | D:1      | 101zpm the Djinni Fire Elementalist began the quest for the
                  | Orb.
     0 | D:1      | Reached XP level 1. HP: 15/15 MP: 0/0
   470 | D:1      | Reached XP level 2. HP: 16/21 MP: 0/0
  1335 | D:1      | Reached skill level 3 in Spellcasting
  1453 | D:1      | Reached XP level 3. HP: 18/25 MP: 0/0
  1453 | D:1      | Learned a level 1 spell: Magic Dart
  1575 | D:2      | Found a stormy altar of Qazlal.
  2066 | D:3      | Reached XP level 4. HP: 24/31 MP: 0/0
  2162 | D:3      | Noticed an ice beast
  2167 | D:3      | Killed an ice beast
  2168 | D:3      | Reached skill level 4 in Spellcasting
  2168 | D:3      | Reached XP level 5. HP: 27/35 MP: 0/0
  2168 | D:3      | Learned a level 2 spell: Static Discharge
  2176 | D:3      | Noticed Grinder
  2179 | D:3      | Noticed Ijyb
  2182 | D:3      | Killed Grinder
  2182 | D:3      | Killed Ijyb
  2183 | D:3      | Reached skill level 5 in Spellcasting
  2183 | D:3      | Reached XP level 6. HP: 3/40 MP: 0/0
  2183 | D:3      | Reached XP level 7. HP: 3/45 MP: 0/0
  2183 | D:3      | Learned a level 3 spell: Mephitic Cloud
  3359 | D:3      | You are sucked into a shaft and drop 1 floor!
  3876 | D:4      | Reached skill level 6 in Spellcasting
  4156 | D:5      | Entered Level 5 of the Dungeon
  4178 | D:5      | Found a staircase to the Ecumenical Temple.
  4188 | Temple   | Entered the Ecumenical Temple
  4570 | D:5      | Reached XP level 8. HP: 39/50 MP: 0/0
  4580 | D:5      | Reached skill level 7 in Spellcasting
  5100 | D:5      | Found a sparkling altar of Nemelex Xobeh.
  5635 | D:6      | Found a sacrificial altar of Ru.
  5735 | D:6      | Reached skill level 1 in Fighting
  6068 | D:6      | Reached skill level 8 in Spellcasting
  6068 | D:6      | Reached XP level 9. HP: 51/57 MP: 0/0
  6068 | D:6      | Learned a level 3 spell: Spider Form
  6077 | D:6      | Noticed Atelerd's ghost (novice OpEE)
  6572 | D:7      | Noticed a cyclops
  6579 | D:7      | Killed a cyclops
  6580 | D:7      | Reached skill level 9 in Spellcasting
  6812 | D:7      | Found a hazy altar of Hepliaklqana.
  6813 | D:7      | Found a shimmering altar of Xom.
  6814 | D:7      | Noticed a spectral ugly thing
  7765 | D:8      | Reached XP level 10. HP: 32/63 MP: 0/0
  7778 | D:8      | HP: 2/63 [kobold/stone (2)]
  7791 | D:8      | Slain by a bullfrog

Illustrated notes

Levels and vault maps discovered:
D:1:      ncdulo_lavacross, layout_rooms
D:2:      layout_basic, basic_altar
D:3:      minmay_spotlight, layout_basic, minmay_gold_behind_fungi,
          minmay_stone_trees_small, uniq_grinder, uniq_ijyb
D:4:      layout_rooms
D:5:      layout_cave_pools, nemelex_diamond_rough_becter,
          minmay_temple_entry_hall, serial_column_ruins, column_ruins_grid_1,
          column_ruins_grid_1, column_ruins_open_tiny, column_ruins_open_medium
D:6:      layout_basic, marbit_many_paths, gammafunk_ghost_icy, serial_shops,
          kennysheep_mini, uniq_sigmund
D:7:      wander_river, layout_basic, regret_index_temple_of_mockery,
          enter_bailey_7
D:8:      layout_rooms, grunt_tough_drop, uniq_grum
Temple:   eino_temple_rhombus

Skill      XL: |  1  2  3  4  5  6  7  8  9 |
---------------+----------------------------+-----
Spellcasting   | 3 4 5 6 8 9 |  9.9
Stealth        | 2 3 |  3.6
Fighting       | 1 |  1.5
Dodging        | |  2.5

Action                   |  1- 3 |  4- 6 |  7- 9 | 10-12 || total
-------------------------+-------+-------+-------+-------++-------
 Cast: Foxfire           |   114 |    14 |   211 |     6 ||   345
       Scorch            |     2 |     1 |    54 |     1 ||    58
       Inner Flame       |       |     4 |    41 |     2 ||    47
       Mephitic Cloud    |       |       |     8 |       ||     8
       Magic Dart        |       |       |     1 |       ||     1
Evoke: Wand              |       |       |       |     2 ||     2
  Use: Scroll            |       |       |     6 |     2 ||     8
Armor: Robe              |     2 |       |     2 |       ||     4
Dodge: Dodged            |     3 |       |     7 |     3 ||    13
